 Dungeon Crawl Stone Soup version 0.22.1-1-ga44c0e5 (webtiles) character file.

109 yevrey the Grave Robber (level 4, -2/31 HPs)
             Began as a Vampire Necromancer on Sept 22, 2018.
             Slain by a sky beast (6 damage)
             ... on level 3 of the Dungeon.
             The game lasted 00:10:14 (2034 turns).

yevrey the Grave Robber (Vampire Necromancer)       Turns: 2034, Time: 00:10:15

Health: -2/31      AC:  2    Str:  8    XL:     4   Next: 60%
Magic:  2/7        EV: 13    Int: 17    God:
Gold:   71         SH:  0    Dex: 14    Spells: 3/8 levels left

rFire    . . .     SeeInvis +     - Unarmed
rCold    . . .     Gourm    .   (no shield)
rNeg     . . .     Faith    .   a - +0 robe
rPois    .         Spirit   .   (no helmet)
rElec    .         Reflect  .   (no cloak)
rCorr    .         Harm     .   (no gloves)
MR       .....                  (no boots)
Stlth    ++........             (no amulet)
HPRegen  0.30/turn              (no ring)
MPRegen  0.10/turn              (no ring)

@: regenerating quickly
A: fangs 3, see invisible, unbreathing
a: no special abilities


You were on level 3 of the Dungeon.
You were full.

You visited 1 branch of the dungeon, and saw 4 of its levels.

You collected 71 gold pieces.

Inventory:

Hand Weapons
 e - a +1 dagger of electrocution
Missiles
 k - 5 tomahawks (quivered)
Armour
 a - a +0 robe (worn)
Jewellery
 m - an uncursed ring of protection from fire {unknown}
Wands
 l - a wand of acid (9)
Scrolls
 d - 5 scrolls of identify {unknown}
 f - 3 scrolls of teleportation {unknown}
 i - a scroll of random uselessness {unknown}
 j - a scroll of fear {unknown}
 n - a scroll of immolation {unknown}
Potions
 b - 2 potions of degeneration {unknown}
 c - 6 potions of blood
 g - a potion of lignification {unknown}
 h - 2 potions of curing {unknown}


   Skills:
 + Level 0.5 Fighting
 + Level 2.7 Dodging
 + Level 3.7 Stealth
 * Level 2.3 Unarmed Combat
 + Level 2.6 Spellcasting
 + Level 5.0 Necromancy


You had 3 spell levels left.
You knew the following spells:

 Your Spells              Type           Power        Failure   Level  Hunger
a - Pain                  Necr           ###.         2%          1    #......
b - Animate Skeleton      Necr           N/A          2%          1    #......
c - Vampiric Draining     Necr           ###.......   7%          3    ###....

Your spell library contained the following spells:

 Spells                   Type           Power        Failure   Level  Hunger
 Regeneration             Chrm/Necr      ##........   19%         3    ###....
 Animate Dead             Necr           N/A          22%         4    #####..


Dungeon Overview and Level Annotations

Branches:
Dungeon (4/15)
 Temple: D:4-7

Altars:
Cheibriados
Elyvilon
Yredelemnul

Shops:
D:4 (


Innate Abilities, Weirdness & Mutations

Your natural rate of healing is unusually fast.
You have razor-sharp teeth.
You have supernaturally acute eyesight. (SInv)
You can survive without breathing.


Message History

The sky beast flickers out of sight for a moment.
The sky beast barely misses you.
Found 19 stones.
Casting: Vampiric Draining (safe; 7% risk of failure)
Confirm with . or Enter, or press ? or * to list all spells.
Aiming: Vampiric Draining (safe; 7% risk of failure)
Press: ? - help, Shift-Dir - straight line, f/p - sky beast
Aim: a sky beast (heavily wounded, slightly transparent)
The sky beast is severely wounded.
You feel life coursing into your body. The sky beast hits you.
* * * LOW HITPOINT WARNING * * *
The sky beast shocks you.
* * * LOW HITPOINT WARNING * * *
A giant cockroach comes into view.
The sky beast flickers out of sight for a moment.
There is a stone staircase leading up here.
The sky beast hits you.
* * * LOW HITPOINT WARNING * * *
The sky beast shocks you.
You die...

(..#
.#............#
...# #############
#............#
..## #...........#
#............# ..#
##...........#
#............. ..#
#..s.........#
#............. ..#
#............+
#.....).......
..###............#
############..
.................#
#.
######.........Y@#
# #...........#
#.......%...+
#...........#
#.............
................
................
..........


You could see a sky beast (invisible).

Vanquished Creatures
  A worker ant (D:4)
  3 adders
  2 worms (D:2)
  2 dart slugs
  4 leopard geckos
  An orc (D:4)
  A giant cockroach (D:1)
  8 goblins
  5 hobgoblins
  A jackal (D:4)
  2 ball pythons
  6 bats
  A frilled lizard (D:2)
  A kobold (D:1)
  4 rats
42 creatures vanquished.

Vanquished Creatures (collateral kills)
  2 kobolds (D:1)
2 creatures vanquished.

Grand Total: 44 creatures vanquished

Notes
Turn   | Place    | Note
-------+----------+-------------------------------------------
     0 | D:1      | yevrey the Vampire Necromancer began the quest for the Orb.
     0 | D:1      | Reached XP level 1. HP: 13/13 MP: 3/3
    83 | D:1      | Learned a level 1 spell: Animate Skeleton
   236 | D:1      | Reached XP level 2. HP: 12/19 MP: 0/5
   416 | D:1      | You fall through a shaft!
   797 | D:2      | Reached skill level 1 in Unarmed Combat
   797 | D:2      | Reached XP level 3. HP: 12/25 MP: 1/6
   802 | D:2      | Learned a level 3 spell: Vampiric Draining
   893 | D:2      | Found a white marble altar of Elyvilon.
  1010 | D:2      | Found a snail-covered altar of Cheibriados.
  1518 | D:2      | Reached skill level 5 in Necromancy
  1539 | D:2      | Reached XP level 4. HP: 7/31 MP: 0/7
  1642 | D:2      | Found a basalt altar of Yredelemnul.
  1963 | D:4      | Found Vorossat's Antique Weapon Emporium.
  1964 | D:4      | Noticed a sky beast
  2034 | D:3      | Slain by a sky beast

Skill      XL: |  1  2  3  4 |
---------------+-------------+-----
Unarmed Combat | 1 2 |  2.3
Necromancy     | 5 |  5.0
Fighting       | |  0.5
Dodging        | |  2.7
Stealth        | |  3.7
Spellcasting   | |  2.6

Action                   |  1- 3 |  4- 6 || total
-------------------------+-------+-------++-------
Melee: Unarmed           |   176 |    54 ||   230
       Bite              |    15 |     4 ||    19
       Punch             |     1 |       ||     1
 Cast: Pain              |    21 |    10 ||    31
       Animate Skeleton  |     7 |       ||     7
       Vampiric Draining |     5 |     2 ||     7
 Stab: Sleeping          |     3 |     1 ||     4
  Eat: Corpse            |    11 |     2 ||    13
Armor: Robe              |    13 |     9 ||    22
Dodge: Dodged            |   120 |    55 ||   175
